[Event "Late-Titled-Tuesday-Blitz-September-19-2023"]
[Site "Chess.com"]
[Date "2023.09.19"]
[Round "7"]
[White "hansen"]
[Black "GlavkonVVS"]
[Result "1-0"]
[WhiteElo "2924"]
[BlackElo "2605"]
[TimeControl "180+1"]
[EndTime "15:13:47 PDT"]
[Termination "hansen won by resignation"]

1. e4 Nf6 2. e5 Nd5 3. c4 Nb6 4. d4 d6 5. exd6 cxd6 6. Nc3 g6 7. Be3 Bg7 8. Rc1 O-O 9. b3 f5 10. Nf3 f4 11. Bd2 Bg4 12. Be2 e5 13. dxe5 dxe5 14. h3 Bxf3 15. Bxf3 Nc6 16. O-O Nd4 17. Bxb7 f3 18.
Bxf3 Rxf3 19. gxf3 Qh4 20. Kg2 Rf8 21. f4 exf4 22. Qg4 f3+ 23. Kh1 Qd8 24. Bg5 Qa8 25. Rcd1 Rf5 26. Be3 Ne2 27. Nd5 Nxd5 28. Rxd5 Be5 29.
Rfd1 Qc6 30. Rd8+ Rf8 31. Rxf8+ Kxf8 32. Rd5 Bf6 33. Qxf3 Qe6 34. Qxe2 1-0

[Event "Late-Titled-Tuesday-Blitz-September-19-2023"]
[Site "Chess.com"]
[Date "2023.09.19"]
[Round "7"]
[White "Mikhail_Golubev"]
[Black "CSB7"]
[Result "1/2-1/2"]
[WhiteElo "2576"]
[BlackElo "2701"]
[TimeControl "180+1"]
[EndTime "15:13:48 PDT"]
[Termination "Game drawn by repetition"]

1. e4 e5 2. Nf3 Nf6 3. Nc3 Bb4 4. Nxe5 O-O 5. Nd3 Bxc3 6. dxc3 Nxe4 7. Be2 Re8 8. O-O d6 9. Nf4 Nc6 10. Be3 Bf5 11. Re1 h6 12. Nd5 a6 13. h3 Qd7 14.
Bg4 Rac8 15. Bxh6 Bxg4 16. hxg4 Nc5 17. Qd2 Re6 18. Be3 Ne4 19. Qd3 Rce8 20. f3 Nf6 21.
Nxf6+ Rxf6 22. Bd4 Rfe6 23. Kf2 Rxe1 24. Rxe1 Rxe1 25.
Kxe1 Qe6+ 26. Qe2 Qxa2 27. Qe8+ Kh7 28. Qe4+ Kg8 29. Qe8+ Kh7 30. Qe4+ Kg8 31. Qe8+ 1/2-1/2

[Event "Late-Titled-Tuesday-Blitz-September-19-2023"]
[Site "Chess.com"]
[Date "2023.09.19"]
[Round "7"]
[White "DefiantChair"]
[Black "Jaka_Brilej"]
[Result "1-0"]
[WhiteElo "2597"]
[BlackElo "2476"]
[TimeControl "180+1"]
[EndTime "15:13:56 PDT"]
[Termination "DefiantChair won by resignation"]

1. e4 e6 2. d4 d5 3. Nd2 c5 4. exd5 Qxd5 5. Ngf3 cxd4 6. Bc4 Qd6 7.
O-O Nf6 8. Nb3 Nc6 9. Nbxd4 Nxd4 10. Nxd4 Be7 11. Re1 O-O 12. c3 Qc7 13. Qe2 Bd7 14.
Bg5 Nd5 15. Bd2 Bf6 16. Bxd5 exd5 17. Nb3 Rfe8 18. Be3 a6 19. Qd2 Bc6 20. Bd4 Be7 21. Re3 Bd6 22. g3 Rxe3 23. Qxe3 Re8 24. Qd2 Bb5 25. Re1 Qd7 26. Bc5 Bc7 27. Rxe8+ Qxe8 28. Nd4 Bd7 29. Nc2 Bf5 30. Ne3 Be4 31. Nxd5 Qd7 32. Nf6+ 1-0

[Event "Late-Titled-Tuesday-Blitz-September-19-2023"]
[Site "Chess.com"]
[Date "2023.09.19"]
[Round "7"]
[White "sergeikim"]
[Black "KaydenTroffChess"]
[Result "1/2-1/2"]
[WhiteElo "2608"]
[BlackElo "2775"]
[TimeControl "180+1"]
[EndTime "15:13:57 PDT"]
[Termination "Game drawn by repetition"]

1. d4 Nf6 2. c4 g6 3. Nc3 d5 4. cxd5 Nxd5 5. e4 Nxc3 6. bxc3 Bg7 7. Bc4 O-O 8. Ne2 c5 9. O-O Nc6 10. Be3 Bd7 11. Qd2 Qc7 12. Rac1 Rfd8 13. Bh6 Bh8 14. f4 cxd4 15. cxd4 Qb6 16. f5 Be8 17. fxg6 hxg6 18. Qg5 Nxd4 19. Nxd4 Rxd4 20. Kh1 Rxc4 21. Rxc4 Bb5 22.
Rb1 Bxc4 23. Rxb6 axb6 24. Qxe7 Rxa2 25. h4 Be6 26. Bf4 Kh7 27. h5 gxh5 28. Qg5 Ra5 29. e5 Ra4 30. Qxh5+ Kg8 31. Qg5+ Bg7 32. Qd8+ Kh7 33.
Qh4+ Kg8 34. Qd8+ Kh7 35. Qh4+ Kg8 36. Qd8+ 1/2-1/2

[Event "Late-Titled-Tuesday-Blitz-September-19-2023"]
[Site "Chess.com"]
[Date "2023.09.19"]
[Round "7"]
[White "Goryachkina"]
[Black "Aariow"]
[Result "1-0"]
[WhiteElo "2688"]
[BlackElo "2552"]
[TimeControl "180+1"]
[EndTime "15:13:59 PDT"]
[Termination "Goryachkina won by resignation"]

1. e4 c5 2. Nf3 Nc6 3. Bb5 g6 4. O-O Bg7 5. Re1 Nf6 6. c3 O-O 7. d4 d5 8. e5 Ne4 9. h3 Qb6 10. Bxc6 bxc6 11. Nbd2 Nxd2 12. Qxd2 cxd4 13. cxd4 c5 14. b3 cxd4 15. Ba3 Ba6 16. Nxd4 Rfe8 17. Rac1 Bb7 18. Bc5 Qa6 19. e6 f5 20. b4 Rac8 21. a4 Ba8 22. a5 Rb8 23. b5 Rxb5 24. Nxb5 Qxb5 25. Bd4 Bf8 26. Rc7 Rb8 27. Rxa7 Bc6 28. Rc7 Ba8 29. Rec1 Qa4 30. Rc8 Rxc8 31. Rxc8 Bb7 32.
Rb8 Qxa5 33. Qxa5 1-0

[Event "Late-Titled-Tuesday-Blitz-September-19-2023"]
[Site "Chess.com"]
[Date "2023.09.19"]
[Round "7"]
[White "Haykoooo0o"]
[Black "fyall777"]
[Result "1-0"]
[WhiteElo "2473"]
[BlackElo "2546"]
[TimeControl "180+1"]
[EndTime "15:13:59 PDT"]
[Termination "Haykoooo0o won on time"]

1. d4 f5 2. Nf3 Nf6 3. Bf4 g6 4. e3 Bg7 5. h3 d6 6. Be2 Nc6 7. c3 O-O 8. O-O Qe8 9. Na3 e5 10.
Bh2 Bd7 11. Nc4 e4 12. Nfd2 Nd5 13. Qc2 b5 14. Na3 a6 15. Nab1 Kh8 16. a4 b4 17.
Qb3 Be6 18. Qc2 Bf7 19. a5 g5 20. c4 Nde7 21. c5 Qd7 22. cxd6 cxd6 23. Nc4 Bxc4 24.
Bxc4 d5 25. Be2 f4 26. Bg4 Qb7 27. Nd2 Ng6 28. Rfc1 Nce7 29. Qc7 Qb5 30. Nb3 Qd3 31. Nc5 Qd2 32. Rd1 Qxb2 33. Ne6 1-0

[Event "Late-Titled-Tuesday-Blitz-September-19-2023"]
[Site "Chess.com"]
[Date "2023.09.19"]
[Round "7"]
[White "BillieKimbah"]
[Black "Abund"]
[Result "1-0"]
[WhiteElo "2969"]
[BlackElo "2770"]
[TimeControl "180+1"]
[EndTime "15:14:00 PDT"]
[Termination "BillieKimbah won by resignation"]

1. Nf3 d5 2. e3 Nf6 3. c4 e6 4. b3 Be7 5. Bb2 O-O 6. Nc3 b6 7.
cxd5 exd5 8. g3 c5 9. d4 Ba6 10. Bxa6 Nxa6 11. O-O Rc8 12. dxc5 Nxc5 13. Rc1 Qd7 14.
Qe2 Rfd8 15. Rfd1 Qb7 16. Nd4 Nce4 17. Nf5 Bf8 18. Nxe4 Nxe4 19. Qh5 Qd7 20. Rxc8 Qxc8 21. Bxg7 Qc2 22. Bf6 Qxf2+ 23. Kh1 Nxf6 24. Qg5+ Kh8 25. Qxf6+ Kg8 26. Nh6+ Bxh6 27. Qxf2 Bxe3 28. Qxe3 1-0

[Event "Late-Titled-Tuesday-Blitz-September-19-2023"]
[Site "Chess.com"]
[Date "2023.09.19"]
[Round "7"]
[White "AEMEffi"]
[Black "maurovargas01"]
[Result "1-0"]
[WhiteElo "2326"]
[BlackElo "1882"]
[TimeControl "180+1"]
[EndTime "15:14:01 PDT"]
[Termination "AEMEffi won on time"]

1. d4 d5 2. c4 c6 3. Nc3 e6 4.
e3 Nd7 5. Nf3 Ngf6 6. Qc2 Bd6 7.
e4 dxe4 8. Nxe4 O-O 9. Nxd6 Nb6 10. Nxc8 Rxc8 11. Bd3 c5 12. dxc5 Rxc5 13. O-O Rh5 14.
h3 Qc7 15. b4 Rc8 16. c5 Nbd5 17. a3 e5 18. Re1 Nf4 19. Bxf4 exf4 20. Bc4 b6 21.
Rad1 bxc5 22. b5 g5 23. Ne5 Rf8 24. Qb3 g4 25. Nxg4 Nxg4 26. hxg4 Rh4 27. Qf3 Qb6 28.
Re5 Qh6 29. Rh5 Rxh5 30. gxh5 1-0

[Event "Late-Titled-Tuesday-Blitz-September-19-2023"]
[Site "Chess.com"]
[Date "2023.09.19"]
[Round "7"]
[White "Beca95"]
[Black "dawid498"]
[Result "1-0"]
[WhiteElo "2863"]
[BlackElo "2664"]
[TimeControl "180+1"]
[EndTime "15:14:05 PDT"]
[Termination "Beca95 won by resignation"]

1. d4 Nf6 2. Bg5 e6 3. e4 h6 4.
Bxf6 Qxf6 5. c3 d5 6. Nd2 Qd8 7. Ngf3 Be7 8. Qc2 dxe4 9. Nxe4 Nd7 10. O-O-O Nf6 11. Bd3 O-O 12. Nxf6+ Bxf6 13. g4 Qd5 14.
Be4 Qa5 15. h4 Qxa2 16. g5 Be7 17. gxh6 f5 18. hxg7 Rf7 19. Bd3 Bd7 20. Rdg1 Bc6 21.
Rh3 Bxf3 22. Rxf3 Qa1+ 23. Qb1 Qxb1+ 24. Kxb1 Rxg7 25. Re1 Bxh4 26. Rxe6 Re7 27. Rh6 Re1+ 28. Kc2 Be7 29. Rg3+ Kf7 30. Bc4+ Ke8 31. Rg8+ Bf8 32. Rxf8+ Kxf8 33. Rh8+ Ke7 34. Rxa8 1-0

[Event "Late-Titled-Tuesday-Blitz-September-19-2023"]
[Site "Chess.com"]
[Date "2023.09.19"]
[Round "7"]
[White "Sjakkerntobi"]
[Black "farzadbfd"]
[Result "0-1"]
[WhiteElo "2514"]
[BlackElo "2695"]
[TimeControl "180+1"]
[EndTime "15:14:05 PDT"]
[Termination "farzadbfd won by resignation"]

1. e4 e5 2. Nf3 Nc6 3. Bc4 Bc5 4.
c3 Nf6 5. d3 d6 6. O-O h6 7.
Re1 O-O 8. h3 a6 9. a4 Be6 10.
Bxe6 fxe6 11. Nbd2 Qe8 12. Nf1 Nh5 13. g3 Qg6 14. Be3 Rad8 15. b4 Bxe3 16. Rxe3 Rf6 17. Kg2 Rdf8 18. Ra2 Qf7 19. N1h2 Rg6 20. Kh1 d5 21.
exd5 exd5 22. Nxe5 Nxe5 23. Qxh5 Nd7 24. Rae2 Nf6 25.
Qe5 Re8 26. Qd4 Rxe3 27. Qxe3 Nh7 28. Qe8+ Nf8 29. Qxf7+ Kxf7 30. Nf3 Nd7 31. Ne5+ Nxe5 32. Rxe5 Rc6 33. Rxd5 Rxc3 34. Rc5 Rxc5 35. bxc5 Ke6 36. f4 Kd5 37. g4 Kxc5 38. g5 hxg5 39. fxg5 b5 40. axb5 axb5 41. h4 Kd5 0-1

[Event "Late-Titled-Tuesday-Blitz-September-19-2023"]
[Site "Chess.com"]
[Date "2023.09.19"]
[Round "7"]
[White "kleopl"]
[Black "ValeriyGrinev"]
[Result "1/2-1/2"]
[WhiteElo "2467"]
[BlackElo "2557"]
[TimeControl "180+1"]
[EndTime "15:14:05 PDT"]
[Termination "Game drawn by repetition"]

1. e4 c5 2. Nf3 Nc6 3. d4 cxd4 4. Nxd4 e5 5. Nb5 d6 6. c4 a6 7.
N5c3 Nf6 8. Bg5 Be7 9. Bxf6 Bxf6 10. Na3 Bg5 11. Nc2 O-O 12. h4 Bh6 13. g3 Kh8 14.
Bh3 f5 15. exf5 Bxf5 16. Bxf5 Rxf5 17. Ne4 Qa5+ 18. Kf1 Raf8 19. Kg2 Qb6 20. Rf1 Nd4 21. Nxd4 exd4 22. b3 d5 23. c5 Qc6 24. Nd6 Qxc5 25. Nxf5 Rxf5 26. Qd3 g6 27. Rae1 Bg7 28. Re2 h5 29.
Rfe1 Kh7 30. Re7 b5 31. R1e2 a5 32. Rb7 b4 33. Rb5 Qc3 34. Qd2 Qf3+ 35. Kg1 d3 36. Re3 Qg4 37. Rxd3 d4 38. Rxf5 Qxf5 39. Rxd4 Bxd4 40. Qxd4 Qb1+ 41. Kg2 Qxa2 42. Qd7+ Kh6 43. Qe8 Kh7 44. Qf7+ Kh6 45. Qf8+ Kh7 46. Qf7+ Kh8 47.
Qf8+ Kh7 48. Qf7+ 1/2-1/2

[Event "Late-Titled-Tuesday-Blitz-September-19-2023"]
[Site "Chess.com"]
[Date "2023.09.19"]
[Round "7"]
[White "maciek_92"]
[Black "sergoy"]
[Result "0-1"]
[WhiteElo "2745"]
[BlackElo "2915"]
[TimeControl "180+1"]
[EndTime "15:14:07 PDT"]
[Termination "sergoy won on time"]

1. c4 e5 2. g3 Nf6 3. Nc3 d5 4. cxd5 Nxd5 5. Bg2 Nb6 6. e3 Nc6 7. Nge2 h5 8. d4 h4 9. d5 Ne7 10. O-O hxg3 11. fxg3 Bh3 12. Bxh3 Rxh3 13. Rxf7 Rxg3+ 14. Nxg3 Kxf7 15. e4 Kg8 16. Bg5 Qe8 17. Qg4 Qg6 18. h4 Nc4 19. h5 Qb6+ 20. Kh1 Qxb2 21. Rg1 Qxc3 22. Bxe7 Bxe7 23. Nf5 Bf6 24. Nxg7 Kh8 25.
Nf5 Nd6 26. Nh4 Qe3 27. Ng6+ Kh7 28. Qd7+ Kh6 29. Nh4 Qxe4+ 30. Ng2 Qf3 0-1

[Event "Late-Titled-Tuesday-Blitz-September-19-2023"]
[Site "Chess.com"]
[Date "2023.09.19"]
[Round "7"]
[White "Chempiblinka"]
[Black "Chessbard1972"]
[Result "0-1"]
[WhiteElo "2225"]
[BlackElo "2371"]
[TimeControl "180+1"]
[EndTime "15:14:07 PDT"]
[Termination "Chessbard1972 won by checkmate"]

1. Nf3 Nf6 2. c4 g6 3. g3 Bg7 4. Bg2 O-O 5. O-O d6 6. Nc3 e5 7. d3 Nc6 8. Rb1 Nh5 9. b4 f5 10. b5 Ne7 11. Bd2 f4 12. Qb3 Kh8 13. c5 d5 14. b6 axb6 15. cxb6 c6 16. Na4 h6 17. Nc5 g5 18. a4 Ng6 19. a5 g4 20. Ne1 fxg3 21.
hxg3 Nhf4 22. gxf4 exf4 23. a6 Rf7 24. axb7 Bxb7 25. Ne6 Qh4 26. Nxg7 Kxg7 27. Bc3+ Kh7 28. Ra1 Re8 29. Ra7 Rxe2 30. Qd1 f3 31. Bxf3 gxf3 32. Nxf3 Qg4+ 33. Kh2 Qxf3 34. Rxb7 Rxb7 35. Bd4 Nf4 36. Rg1 Qh3# 0-1

[Event "Late-Titled-Tuesday-Blitz-September-19-2023"]
[Site "Chess.com"]
[Date "2023.09.19"]
[Round "7"]
[White "KorolDimitriy75"]
[Black "ilya2700"]
[Result "0-1"]
[WhiteElo "2371"]
[BlackElo "2302"]
[TimeControl "180+1"]
[EndTime "15:14:12 PDT"]
[Termination "ilya2700 won on time"]

1. d4 d5 2. c4 c6 3. Nc3 Nf6 4. e3 e6 5. Nf3 Nbd7 6. Bd3 dxc4 7. Bxc4 b5 8. Be2 Bb7 9. e4 b4 10. e5 bxc3 11. exf6 Qxf6 12. bxc3 Bd6 13. Rb1 Nb6 14. a4 Qf5 15. Be3 Rb8 16. O-O O-O 17. c4 c5 18.
a5 cxd4 19. Nxd4 Qxa5 20. Nb5 Be5 21. Qb3 a6 22. c5 axb5 23. cxb6 Bd5 24. Qxb5 Qa8 25.
f3 Bc6 26. Qb3 Rb7 27. Rfc1 Ba4 28. Qd3 Rfb8 29. Qe4 Bf6 30. Bd3 g6 31. Bh6 Qa5 32.
Qf4 Qc5+ 33. Rxc5 e5 34. Qe4 Bd7 35. Rc7 Bf5 0-1

[Event "Late-Titled-Tuesday-Blitz-September-19-2023"]
[Site "Chess.com"]
[Date "2023.09.19"]
[Round "7"]
[White "Guzman70"]
[Black "Cambek64"]
[Result "0-1"]
[WhiteElo "2296"]
[BlackElo "2470"]
[TimeControl "180+1"]
[EndTime "15:14:23 PDT"]
[Termination "Cambek64 won by resignation"]

1. Nf3 b5 2. e4 Bb7 3. Bxb5 Bxe4 4.
O-O c6 5. Ba4 Qa5 6. Nc3 Bg6 7.
Re1 Nf6 8. Re5 Qc7 9. d4 e6 10. Re1 d5 11. Ne5 Bd6 12. Bg5 Bxe5 13. Rxe5 Nbd7 14.
Bxf6 Nxf6 15. b4 O-O 16. Bb3 a5 17. a3 axb4 18. axb4 Rxa1 19. Qxa1 Qb6 20. Na2 Ra8 21. Qb2 h6 22. h3 Be4 23. f3 Nd7 24. Rh5 Bg6 25. Rh4 Qa6 26. Qc3 Qe2 27. Rg4 Ra6 28. Kh2 Nf6 29. Nc1 Nxg4+ 30. hxg4 Qd1 31. Nd3 Bxd3 32.
Qxd3 Qxd3 33. cxd3 Ra3 34. Bxd5 cxd5 35. b5 Rb3 36. g5 hxg5 37. f4 gxf4 38. g3 fxg3+ 39. Kh3 Rxd3 40. b6 Rxd4 41. b7 Rb4 42. b8=Q+ Rxb8 43. Kh4 g2 44. Kh5 g1=Q 45. Kh4 Rb2 0-1

[Event "Late-Titled-Tuesday-Blitz-September-19-2023"]
[Site "Chess.com"]
[Date "2023.09.19"]
[Round "7"]
[White "davigator"]
[Black "canary2016"]
[Result "1-0"]
[WhiteElo "2335"]
[BlackElo "2148"]
[TimeControl "180+1"]
[EndTime "15:14:23 PDT"]
[Termination "davigator won by checkmate"]

1. e4 c5 2. Nf3 d6 3. d4 cxd4 4.
Nxd4 Nf6 5. Nc3 Nc6 6. Bg5 e6 7.
f3 Be7 8. h4 h6 9. Be3 O-O 10. Qd2 a6 11. O-O-O Qc7 12. g4 e5 13.
Nf5 b5 14. g5 Nh5 15. gxh6 g6 16. Nxe7+ Qxe7 17. Nd5 Qb7 18. Bg5 Be6 19. Nf6+ Nxf6 20. Bxf6 Nd4 21. c3 Bxa2 22. Qg2 Nb3+ 23. Kc2 Qc6 24. h5 Kh7 25. Be7 Nd4+ 26. Kd2 Nb3+ 27. Ke1 Qd7 28. hxg6+ fxg6 29. Bxd6 Rfd8 30. Be2 Qe6 31.
Ba3 Rxd1+ 32. Bxd1 Rd8 33. Qg5 Rd7 34. Rh2 Nc5 35. Bxc5 Rxd1+ 36. Kxd1 Qb3+ 37. Kc1 Qc4 38. Qe7+ Kh8 39. Qg7# 1-0

[Event "Late-Titled-Tuesday-Blitz-September-19-2023"]
[Site "Chess.com"]
[Date "2023.09.19"]
[Round "7"]
[White "Garmendiarov"]
[Black "Dewarfd"]
[Result "1-0"]
[WhiteElo "2329"]
[BlackElo "2191"]
[TimeControl "180+1"]
[EndTime "15:14:23 PDT"]
[Termination "Garmendiarov won by resignation"]

1. e4 e5 2. Nf3 Nc6 3. Bb5 Nf6 4. d3 Ne7 5. O-O c6 6. Bc4 Ng6 7. Re1 Be7 8. a4 O-O 9. Nc3 Qc7 10. Bg5 h6 11. Be3 Rd8 12. Bb3 d5 13. exd5 cxd5 14.
d4 e4 15. Nb5 Qb8 16. Nd2 Bg4 17. Qb1 a6 18. Nc3 Bb4 19. Qa2 Bxc3 20. bxc3 Be6 21. c4 dxc4 22. Bxc4 Bxc4 23. Nxc4 Ng4 24. g3 Nxe3 25.
Rxe3 Rxd4 26. Nb6 Ra7 27. Rae1 Qd6 28. Nc8 Qb8 29. Nxa7 Qxa7 30. Rxe4 Rd2 31. Re8+ Kh7 32. Qxf7 h5 33. R1e6 1-0

[Event "Late-Titled-Tuesday-Blitz-September-19-2023"]
[Site "Chess.com"]
[Date "2023.09.19"]
[Round "7"]
[White "vladislavkovalev"]
[Black "Dhaydon19"]
[Result "0-1"]
[WhiteElo "2874"]
[BlackElo "2686"]
[TimeControl "180+1"]
[EndTime "15:14:24 PDT"]
[Termination "Dhaydon19 won on time"]

1. e4 Nf6 2. e5 Nd5 3. d4 d6 4. Nf3 Bg4 5. Be2 c6 6. c4 Nb6 7. exd6 exd6 8. O-O Be7 9. b3 O-O 10. Be3 N8d7 11. Nc3 Re8 12. Qd2 Nf6 13. Rfe1 d5 14. c5 Nbd7 15. h3 Bh5 16. b4 Nf8 17. g4 Bg6 18.
Ne5 Ne4 19. Nxe4 Bxe4 20. f3 Bg6 21. b5 Bh4 22. bxc6 Bxe1 23. Rxe1 bxc6 24. Nxc6 Qc7 25.
Ne5 f6 26. f4 fxe5 27. dxe5 Be4 28. Rc1 Ne6 29. c6 g5 30. Bf1 Nxf4 31. Bxf4 gxf4 32. Qxf4 Qxe5 33. Qxe5 Rxe5 34. c7 Ree8 35. Ba6 Rac8 36.
Kf2 Kf7 37. Bxc8 Rxc8 38. Ke3 Ke7 39. Kd4 Kd6 40. Rf1 Rxc7 41. Rf6+ Ke7 42. Ra6 Kd7 43. h4 Kc8 44. h5 Kb7 45. Rf6 Rg7 46. Rf4 h6 47.
Ke5 Kc6 48. Rf6+ Kc5 49. Kf4 Rh7 50. Ke5 Kb4 51. Kd4 a5 52. Rb6+ Ka4 0-1

[Event "Late-Titled-Tuesday-Blitz-September-19-2023"]
[Site "Chess.com"]
[Date "2023.09.19"]
[Round "7"]
[White "jinxy2009"]
[Black "Cipy77"]
[Result "1/2-1/2"]
[WhiteElo "2319"]
[BlackElo "2490"]
[TimeControl "180+1"]
[EndTime "15:14:24 PDT"]
[Termination "Game drawn by repetition"]

1. e4 c5 2. Nf3 Nf6 3. e5 Nd5 4. Nc3 Nxc3 5. dxc3 e6 6. Bf4 Nc6 7. Qd2 b6 8. O-O-O Qc7 9. h4 Bb7 10. h5 h6 11. Kb1 O-O-O 12. a4 Ne7 13. c4 Nc6 14. Be2 Be7 15. Bg3 Kb8 16. Qf4 Rhf8 17. Rd2 Ka8 18. Rhd1 Nb8 19. Bh4 f6 20. Qg3 Rg8 21.
exf6 Qxg3 22. Bxg3 gxf6 23. Bxb8 Rxb8 24. Rxd7 Bf8 25. g3 Bg7 26. Nh4 f5 27. Ng6 Bf6 28.
Rf7 Bg5 29. Rdd7 Rgd8 30. Rxb7 Rxb7 31. Bf3 Rb8 32. Ne5 a6 33. Rxb7 Rxb7 34. Bxb7+ Kxb7 35. f4 Bf6 36. Nf7 Bg7 37. c3 Kc6 38. Kc2 Kd7 39.
Kd3 Ke7 40. Ne5 Bxe5 41. fxe5 a5 42. Ke3 Kf7 43. Kf4 Ke7 44. g4 fxg4 45. Kxg4 Kf7 46. Kf4 Ke7 47. Ke3 Kf7 48. Kd2 Ke7 49. Kc2 Kd7 50.
b4 Kc6 51. Kb3 Kc7 52. Ka3 Kc6 53. Kb2 Kc7 54. bxa5 bxa5 55. Kc2 Kc6 56. Kd3 Kd7 57. Ke4 Kc6 58. Kf4 Kd7 59. Kg4 Kc6 60. Kh4 Kd7 61. Kh3 Ke7 62. Kg3 Kf7 63. Kg2 Ke7 64. Kf2 Kf7 65. Ke2 Ke7 66. Kd2 Kd8 67. Kc2 Kc7 68. Kb2 Kc6 69. Kb3 Kd7 70. Ka3 Ke7 71.
Ka2 Kf7 72. Ka1 Kf8 73. Kb1 Kg8 74. Kc1 Kh7 75. Kd1 Kg7 76. Ke1 Kf7 77. Kf1 Ke7 78.
Kg1 Kd8 79. Kh1 Kc7 80. Kh2 Kc6 81. Kh3 Kb6 82. Kg3 Ka6 83. Kf4 Kb7 84. Ke4 Kc7 85.
Kd3 Kd8 86. Ke3 Ke8 87. Ke2 Ke7 88. Kd2 Kf7 89. Kc2 Ke8 90. Kb2 Ke7 91. Kb1 Kd7 92.
Ka1 Kd8 93. Ka2 Kc7 94. Ka3 Kc6 95. Kb3 Kb6 96. Kc2 Ka6 97. Kb3 Kb7 98. Kc2 Kc6 99. Kb3 1/2-1/2

[Event "Late-Titled-Tuesday-Blitz-September-19-2023"]
[Site "Chess.com"]
[Date "2023.09.19"]
[Round "7"]
[White "TheMagician"]
[Black "Sacbutt"]
[Result "1-0"]
[WhiteElo "2251"]
[BlackElo "2350"]
[TimeControl "180+1"]
[EndTime "15:14:29 PDT"]
[Termination "TheMagician won on time"]

1. d4 Nf6 2. c4 e6 3. Nf3 b6 4. g3 Bb7 5. Bg2 Be7 6. O-O O-O 7. Bg5 Ne4 8. Bxe7 Qxe7 9. Qc2 f5 10. Nc3 Nxc3 11. Qxc3 Be4 12. e3 d6 13. Nh4 Bxg2 14. Nxg2 c5 15. f4 Nc6 16. b3 Rac8 17. Qd2 d5 18. cxd5 exd5 19. dxc5 Qxc5 20. Rfd1 Rfd8 21. a3 d4 22. b4 Qd5 23. Rac1 d3 24. Rc3 Qf3 25.
b5 Ne7 26. Rxc8 Nxc8 27. Ne1 Qe4 28. Nxd3 h5 29. Qc2 Qxe3+ 30. Nf2 Rxd1+ 31. Qxd1 Qe8 32. Qd5+ Qf7 33. Qa8 Qc7 34. Qd5+ Qf7 35. Qa8 Qd7 36. Nh3 Qd1+ 37. Kg2 Qe2+ 38. Nf2 1-0

[Event "Late-Titled-Tuesday-Blitz-September-19-2023"]
[Site "Chess.com"]
[Date "2023.09.19"]
[Round "7"]
[White "reevecanada"]
[Black "picturesquecheck"]
[Result "1-0"]
[WhiteElo "2525"]
[BlackElo "2376"]
[TimeControl "180+1"]
[EndTime "15:14:31 PDT"]
[Termination "reevecanada won by resignation"]

1. e4 c5 2. Nf3 Nc6 3. Bb5 g6 4.
Bxc6 dxc6 5. d3 Bg7 6. Nc3 e5 7. h3 Ne7 8. Be3 O-O 9. Bxc5 Re8 10. Qd2 b6 11. Be3 c5 12. Bh6 Nc6 13. Bxg7 Kxg7 14. O-O-O h6 15. h4 Bg4 16. h5 Bxf3 17. hxg6 Qg5 18.
Qxg5 hxg5 19. gxf7 Kxf7 20. gxf3 Rh8 21. Nd5 Nd4 22.
c3 Nxf3 23. Nc7 Rad8 24. Nb5 Rxh1 25. Rxh1 Rxd3 26. Nxa7 Rd2 27. Rf1 Re2 28. Nc8 b5 29. Nd6+ Kg6 30. Nxb5 Nh2 31. Rd1 Rxf2 32. a4 g4 33. a5 Rf6 34. Nc7 Nf3 35. a6 g3 36. a7 Rf8 37. Kc2 g2 38. Kb3 Kg5 39. Kc4 Kf4 40. Ne6+ Kxe4 41. Nxf8 1-0

[Event "Late-Titled-Tuesday-Blitz-September-19-2023"]
[Site "Chess.com"]
[Date "2023.09.19"]
[Round "7"]
[White "traack"]
[Black "jk13"]
[Result "0-1"]
[WhiteElo "2366"]
[BlackElo "2631"]
[TimeControl "180+1"]
[EndTime "15:14:33 PDT"]
[Termination "jk13 won by resignation"]

1. f4 d5 2. Nf3 c6 3. b3 Bg4 4.
Bb2 Nd7 5. Ne5 Nxe5 6. Bxe5 f6 7. Bb2 Qc7 8. g3 e5 9. fxe5 fxe5 10. Bg2 Bc5 11.
d4 exd4 12. Bxd4 Qe7 13. Nc3 O-O-O 14. O-O Nf6 15. Kh1 Rhe8 16. Bf3 Bh3 17. Re1 Kb8 18. Qd2 Ne4 19. Bxe4 dxe4 20. Bxc5 Qxc5 21. Qf4+ Ka8 22. Na4 Qd4 23. Qh4 Bf5 24. Rad1 Qxd1 25. Rxd1 Rxd1+ 26. Kg2 e3 27. Nc3 Rd2 28. Qf4 Bg6 29. Kf3 Rxc2 30.
Na4 Rc1 31. Qc7 Rf1+ 32. Kg4 Rf7 33. Qa5 Kb8 34. Nc5 Rfe7 35. Qb4 Re4+ 36. Nxe4 Rxe4+ 0-1

[Event "Late-Titled-Tuesday-Blitz-September-19-2023"]
[Site "Chess.com"]
[Date "2023.09.19"]
[Round "7"]
[White "mac0504"]
[Black "rikchessmx"]
[Result "1-0"]
[WhiteElo "2568"]
[BlackElo "2337"]
[TimeControl "180+1"]
[EndTime "15:14:33 PDT"]
[Termination "mac0504 won on time"]

1. c4 Nf6 2. Nc3 c5 3. Nf3 Nc6 4. g3 d5 5. cxd5 Nxd5 6. Bg2 e5 7. O-O Nc7 8. a3 Be7 9. Rb1 O-O 10. b4 cxb4 11. axb4 Bxb4 12. Nxe5 Nxe5 13. Rxb4 Nc6 14. Bxc6 bxc6 15. d3 Nd5 16. Rc4 Bh3 17. Re1 Nxc3 18.
Rxc3 Re8 19. Qc2 Rc8 20. e4 Qd7 21. Be3 Red8 22. Ra1 Rc7 23. Rca3 Ra8 24. f3 h5 25. Qc3 Be6 26. Ra5 Rd8 27. Rg5 g6 28. Ra3 Rb7 29. Bd4 Qxd4+ 30. Qxd4 Rxd4 31. Kf2 Rdb4 32. Rga5 Rb2+ 33.
Ke3 Rxh2 34. Rxa7 Rxa7 35. Rxa7 h4 36. gxh4 Rxh4 37. Rc7 Rh3 38. Kf4 Rh4+ 39. Ke3 Rh3 40. Kf4 Rh1 41. Rxc6 Kg7 42. d4 Bh3 43. d5 Rd1 44.
Rc7 Kf6 45. e5+ Kg7 46. e6 Rxd5 47. e7 Rd4+ 48. Kg3 Rd7 49. e8=Q Rxc7 50. Qe5+ 1-0

[Event "Late-Titled-Tuesday-Blitz-September-19-2023"]
[Site "Chess.com"]
[Date "2023.09.19"]
[Round "7"]
[White "IngOscarArdila"]
[Black "rionelG"]
[Result "0-1"]
[WhiteElo "2290"]
[BlackElo "2332"]
[TimeControl "180+1"]
[EndTime "15:14:35 PDT"]
[Termination "rionelG won by resignation"]

1. d4 Nf6 2. c4 g6 3. Nc3 Bg7 4. Nf3 d6 5. e3 O-O 6. Be2 Nbd7 7. O-O e5 8. dxe5 dxe5 9. Qc2 c6 10. Rd1 Qc7 11.
e4 Re8 12. h3 a5 13. Be3 Nf8 14. a3 N6d7 15. b4 axb4 16. axb4 Rxa1 17. Rxa1 Ne6 18. Rd1 Ndf8 19. c5 Nf4 20. Bc4 Be6 21. Qb3 Bxc4 22. Qxc4 N8e6 23. Ne2 Rd8 24. Re1 h5 25.
Nxf4 exf4 26. Bc1 b5 27. cxb6 Qxb6 28. e5 g5 29. Qe4 g4 30. hxg4 hxg4 31. Nh4 Rd4 32.
Qe2 g3 33. Nf5 Rxb4 34. Rf1 Rb1 35. Bd2 gxf2+ 36. Kh2 Rxf1 37. Qxf1 Bxe5 38. Qe2 Qb2 39.
Qg4+ Kf8 40. Bxf4 Bxf4+ 41. Kh3 f1=Q 0-1

[Event "Late-Titled-Tuesday-Blitz-September-19-2023"]
[Site "Chess.com"]
[Date "2023.09.19"]
[Round "7"]
[White "ukchessbomber"]
[Black "sergiochess83"]
[Result "1/2-1/2"]
[WhiteElo "2705"]
[BlackElo "2892"]
[TimeControl "180+1"]
[EndTime "15:14:37 PDT"]
[Termination "Game drawn by repetition"]

1. b4 e5 2. Bb2 Bxb4 3. Bxe5 Nf6 4. e3 O-O 5. c3 Be7 6. Bxf6 Bxf6 7. g3 d5 8. Bg2 c6 9. Ne2 Bf5 10. O-O Nd7 11. d4 b5 12. Nd2 Nb6 13. h3 Re8 14. g4 Bg6 15. Nf4 Qd6 16. Nxg6 hxg6 17. e4 Qf4 18. e5 Be7 19. Rb1 f6 20. Nf3 fxe5 21.
dxe5 Bc5 22. Qd3 Kh7 23. Rbe1 Nc4 24. e6 Re7 25. h4 Qxg4 26. Ng5+ Kh6 27. Nf7+ Kh7 28.
Ng5+ Kh6 29. Nf7+ Kh7 30. Ng5+ 1/2-1/2